 Dungeon Sprint DCSS version 0.29-a0-925-g0a7a3d12f8 (webtiles) character file.

Game seed: 6745004831753192075

253 Hipnos the Carver (level 5, -5/56 HPs)
             Began as a Draconian Chaos Knight on July 29, 2022.
             Was a Plaything of Xom.
             Slain by a neqoxec (11 damage)
             ... in the Dungeon (Sprint II: "The Violet Keep of Menkaure").
             The game lasted 00:00:32 (34 turns).

Hipnos the Carver (Draconian Chaos Knight)            Turns: 34, Time: 00:00:33

Health: -5/56      AC:  5    Str: 15    XL:     5   Next: 90%
Magic:  5/5        EV: 13    Int: 12    God:    Xom [......]
Gold:   0          SH:  0    Dex: 12    Spells: 4/4 levels left

rFire   . . .      SeeInvis .   a - +0 falchion (chaos)
rCold   . . .      Faith    .   (no shield)
rNeg    . . .      Spirit   .   (body armour unavailable)
rPois   .          Reflect  .   (helmet restricted)
rElec   .          Harm     .   (no cloak)
rCorr   .          Rampage  .   (no gloves)
Will    .....      NoTele   +   (no boots)
Stlth   +.........              (no amulet)
HPRegen 0.18/turn               (no ring)
MPRegen 0.09/turn               (no ring)

@: brilliant, on berserk cooldown, slowed, very slow
A: AC +5, unfitting armour, cold-blooded, no potion heal 1
a: Renounce Religion


You were in the Dungeon.
You worshipped Xom.
You were a very special plaything of Xom.
You visited 1 branch

Inventory:

Hand Weapons
 a - a +0 falchion of chaos (weapon)
Scrolls
 h - a scroll of blinking
Potions
 c - a potion of curing
 e - a potion of haste
 f - 2 potions of magic
Miscellaneous
 b - a piece from Xom's chessboard (15/15) (quivered)


   Skills:
 + Level 8.7 Fighting
 + Level 8.9 Long Blades
 + Level 5.2 Dodging


You had 4 spell levels left.
You didn't know any spells.
Your spell library was empty.

Dungeon Overview and Level Annotations

Branches:
Dungeon (1/1)

Altars:


Innate Abilities, Weirdness & Mutations

Your plain brown scales are hard. (AC +5)
You cannot fit into any form of body armour.
You are cold-blooded and may be slowed by cold attacks.
Potions are less effective at restoring your health.


Message History

The neqoxec is lightly wounded.
The neqoxec closely misses you.
You hit the neqoxec but do no damage.
The neqoxec is lightly wounded.
The neqoxec hits you! The neqoxec gestures at you.
Something tries to feed on your intellect!
You miss the neqoxec.
The neqoxec is lightly wounded.
The neqoxec hits you. The neqoxec hits you!
* * * LOW HITPOINT WARNING * * *
You feel much better. The neqoxec closely misses you. The neqoxec misses you.
You hit the neqoxec but do no damage.
The neqoxec is lightly wounded.
The neqoxec hits you but does no damage.
The neqoxec hits you.
You closely miss the neqoxec.
Your tail-slap misses the neqoxec.
The neqoxec is lightly wounded.
The neqoxec hits you.
* * * LOW HITPOINT WARNING * * *
The neqoxec hits you!
* * * LOW HITPOINT WARNING * * *
You emit a cloud of colourful smoke!
You hit the neqoxec but do no damage.
The neqoxec is lightly wounded.
Xom makes a sudden noise!
You hear a screech!
You hear a shout!
The neqoxec gestures at you.
Strange energies course through your body.
Your system partially rejects the healing effects of potions.
Xom thinks this is hilarious!
The neqoxec gestures at you.
Something tries to feed on your intellect!
You hit the neqoxec but do no damage.
The neqoxec resists with almost no effort.
You tail-slap the neqoxec, but do no damage.
The neqoxec is lightly wounded.
The neqoxec hits you!
You die...
Xom titters!

## #§# #
##3# ##.
#@#
#$.B##§##
#+§§§+
#..B##§##
##. #+# #


You could see a neqoxec (fast).

Vanquished Creatures
  2 neqoxecs (D)
2 creatures vanquished.

Notes
Turn   | Place    | Note
-------+----------+-------------------------------------------
     0 | D        | Hipnos the Draconian Chaos Knight began the quest for the
                  | Orb.
     0 | D        | Reached XP level 1. HP: 19/19 MP: 1/1
     1 | D        | Noticed a boulder beetle
     1 | D        | Noticed a boulder beetle
     4 | D        | Noticed a neqoxec
     4 | D        | Noticed a neqoxec
     7 | D        | XOM: potion effect (brilliance)
     7 | D        | Noticed a neqoxec
     8 | D        | XOM: silly message
    13 | D        | Killed a neqoxec
    14 | D        | Reached XP level 2. HP: 34/34 MP: 2/2
    14 | D        | Reached XP level 3. HP: 39/39 MP: 3/3
    14 | D        | Reached XP level 4. HP: 47/47 MP: 4/4
    20 | D        | XOM: silly message
    25 | D        | Killed a neqoxec
    26 | D        | Reached skill level 5 in Dodging
    26 | D        | Reached XP level 5. HP: 38/56 MP: 5/5
    32 | D        | XOM: smoke on damage
    33 | D        | XOM: noise
    33 | D        | Gained mutation: Potions are less effective at restoring
                  | your health. [a neqoxec]
    34 | D        | Slain by a neqoxec

Illustrated notes

Levels and vault maps discovered:
D:        the_violet_keep_of_menkaure [sprint2_stairs_cluster_1,
          sprint2_shoproom, sprint2_temple, sprint2_basic_supplies,
          sprint2_obstacle_3, sprint2_obstacle_1, sprint2_obstacle_4,
          sprint2_obstacle_6, sprint2_obstacle_5, sprint2_timed_cluster_1,
          sprint2_smallroom_cluster_1, sprint2_smallroom_final_cluster_1,
          sprint2_transparent_cluster_1, sprint2_second_timed_cluster_1,
          sprint2_sniper_area_1, sprint2_heavy_combat_area_1,
          sprint2_mutation_trap_area_1, sprint2_forest_area_1,
          sprint2_light_combat_area_1, sprint2_behind_water_1,
          sprint2_near_end_vault_1]

Skill      XL: |  1  2  3  4 |
---------------+-------------+-----
Fighting       | 7 8 |  8.7
Long Blades    | 7 8 |  8.9
Dodging        | 4 5 |  5.2

Action                   |  1- 3 |  4- 6 || total
-------------------------+-------+-------++-------
Melee: Falchion          |     8 |    19 ||    27
       Tailslap          |       |     2 ||     2
  Use: Potion            |     1 |     1 ||     2
Armor: Skin              |     1 |     4 ||     5
Dodge: Dodged            |     3 |     6 ||     9

Table legend: (Time is in decaauts)
 A = Elapsed time spent in this place.
 B = Non-inter-level travel time spent in this place.
 C = Inter-level travel time spent in this place.
 D = Time resting spent in this place.
 E = Time spent auto-exploring this place.
 F = Levels seen in this place.
 G = Mean time per level.
                   A        B        C        D        E       F      G
               +--------+--------+--------+--------+--------+-----+--------+
         Total |     36 |     36 |      0 |      0 |      0 |   1 |   36.0 |
       Dungeon |     36 |     36 |      0 |      0 |      0 |   1 |   36.0 |
               +--------+--------+--------+--------+--------+-----+--------+

Top non-repeatable levels by time:
       D: 36 daAuts
